AoeStats
← Enishi

Arabia

508681277Analyzed
1v1 RM · 9d ago on Sep 23, 2026· 38m 53s· 2 players
Game mode
Random Map
Map size
Tiny (2 player)
Population
200
Speed
Normal
Resources
Standard
Victory
Conquest
Starting age
Dark Age
Ending age
Imperial Age
RankedLock teamsTeams togetherTeam positionsShared explorationLock speedFull tech treeHidden civsTurbo modeCheats
Victory
Defeat
🇨🇱 Franks · Chile
899
+31
🇦🇷 Teutons · Argentina
865
-14
Enishi
2:17 Loom
11:46 Feudal Age
15:00 Horse Collar
17:09 Double-Bit Axe
21:23 Man-at-Arms
24:03 Forging
23:54 Scale Mail Armor
27:15 Castle Age
27:25 Fletching
27:41 Pikeman
28:22 Squires
28:30 Heavy Plow
34:12 Gold Mining
34:45 Bow Saw
36:27 Iron Casting
36:09 Chain Mail Armor
jorgex0000
7:04 Loom
9:41 Feudal Age
20:32 Scale Barding Armor
20:39 Forging
22:46 Castle Age
20:38 Double-Bit Axe
20:49 Gold Mining
27:16 Chain Barding Armor
27:22 Husbandry
29:58 Bow Saw
30:25 Iron Casting
30:47 Wheelbarrow
33:19 Hand Cart
37:28 Imperial Age
35:01 Town Watch
35:55 Ballistics
37:59 Heavy Scorpion
39:49 Conscription
Connection lost

Rejoining the realm…

Still unreachable

The connection could not be restored.

Session expired

The server has moved on; the page needs a fresh start.